 Dungeon Crawl Stone Soup version 0.18.1-6-gd335043 (webtiles) character file.

151 Implojin the Insei (level 5, -1/41 HPs)
             Began as a Mummy Monk on May 21, 2016.
             Slain by Crazy Yiuf
             ... wielding a +4 quarterstaff of chaos
              (17 damage)
             ... on level 2 of the Dungeon.
             The game lasted 00:07:52 (3424 turns).

Implojin the Insei (Mummy Monk)                     Turns: 3424, Time: 00:07:53

Health: -1/41      AC:  2    Str: 14    XL:     5   Next: 10%
Magic:  5/5        EV: 13    Int: 10    God:
Gold:   145        SH:  0    Dex: 15    Spells: 0 memorised, 4 levels left

rFire  x . .     SeeInvis .       - Unarmed
rCold  + . .     Gourm    .     (no armour)
rNeg   + + +     Faith    .     (no shield)
rPois  ∞         Spirit   .     (no helmet)
rElec  .         Dismiss  .     f - +0 cloak
rCorr  .         Reflect  .     h - +0 pair of gloves
SustAt .         Harm     .     (no boots)
MR     .....                    (no amulet)
Stlth  ++........               (no ring)
                                (no ring)

@: not resistant to hostile enchantments, unstealthy
A: no food or potions, fire vulnerability, cold resistance 1, negative energy
resistance 3, torment resistance, unbreathing
a: no special abilities


You were on level 2 of the Dungeon.
You were not hungry.

You visited 1 branch of the dungeon, and saw 3 of its levels.

You collected 145 gold pieces.

Inventory:

Armour
 f - a +0 cloak (worn)
 h - a +0 pair of gloves (worn)
Jewellery
 b - an uncursed ring of ice
Scrolls
 a - a scroll of magic mapping {unknown}
 c - a scroll of immolation {unknown}
 d - 3 scrolls of identify {unknown}
 e - 2 scrolls of random uselessness {unknown}
 g - 2 scrolls of remove curse {unknown}
 j - 3 scrolls of fog {unknown}
 k - a scroll of teleportation {unknown}
Comestibles
 i - 2 bread rations (quivered)


   Skills:
 - Level 3.0 Fighting
 - Level 2.4 Dodging
 - Level 1.5 Stealth
 * Level 5.3 Unarmed Combat


You had 4 spell levels left.
You didn't know any spells.

Dungeon Overview and Level Annotations

Branches:
Dungeon (3/15)

Altars:
Cheibriados
Gozag
Makhleb
Nemelex Xobeh
Trog

Annotations:
D:2 Crazy Yiuf


Innate Abilities, Weirdness & Mutations

You do not eat or drink.
Your flesh is vulnerable to fire.
You are immune to poison.
Your flesh is cold resistant.
You are immune to negative energy.
You are immune to unholy pain and torment.
You can survive without breathing.


Message History

The orc misses you.
You see here a hunting sling.
There is a stone staircase leading up here.
You see here a stone.
You swing at nothing.
The orc hits you with a dagger.
* * * LOW HITPOINT WARNING * * *
You climb upwards.
Level annotation: 1 exclusion
There is a stone staircase leading down here.
Unknown command.
You hit the orc.
The orc is almost dead.
The orc hits you with a dagger.
* * * LOW HITPOINT WARNING * * *
You hit the orc.
You kill the orc!
You see here a dagger.
You start resting.
HP restored.
You see here a club.
Partly explored, can't reach some places.
You see here a mace.
Found a mace.
You see here a mace.
You open the door.
Crazy Yiuf the Enlightened comes into view.
He is wielding a quarterstaff of chaos.
Crazy Yiuf shouts!
Found three maces.
Crazy Yiuf cries, "You leg down broken song, no?"
There is an open door here.
You punch Crazy Yiuf!
Crazy Yiuf is heavily wounded.
Crazy Yiuf hits you with a quarterstaff of chaos!
You barely miss Crazy Yiuf. You punch Crazy Yiuf.
Crazy Yiuf is severely wounded.
Crazy Yiuf hits you with a quarterstaff of chaos!
* * * LOW HITPOINT WARNING * * *
You are electrocuted!
You die...

.[.# #.##..#
#....#
##.###.##.##
♣....♣
##........#
♣♣..)♣
###.##.####
♣♣)♣♣
....##.#
♣♣.♣
###.##.#####
♣.♣♣
#........#
♣♣)♣
#........#
♣.♣♣
#........#
#@#
##.#.#####
#)g.# #...#
#)..#
##..#####
#)..#
#.>.†..#
#####
######.# #.#
#.#
##########.#


You could see Crazy Yiuf.

Vanquished Creatures
  2 gnolls (D:1)
  5 adders
  4 dart slugs
  A giant gecko (D:1)
  4 orcs
  3 giant cockroaches
  6 goblins
  8 hobgoblins
  13 jackals
  9 bats
  9 giant newts
  3 kobolds
  8 rats
75 creatures vanquished.

Notes
Turn   | Place    | Note
--------------------------------------------------------------
     0 | D:1      | Implojin the Mummy Monk began the quest for the Orb.
     0 | D:1      | Reached XP level 1. HP: 18/18 MP: 1/1
   548 | D:2      | Reached XP level 2. HP: 24/24 MP: 2/2
   973 | D:1      | Reached skill level 4 in Unarmed Combat
  1120 | D:1      | Reached XP level 3. HP: 29/29 MP: 3/3
  1713 | D:2      | Reached XP level 4. HP: 32/35 MP: 4/4
  1780 | D:2      | Found an opulent altar of Gozag.
  1781 | D:2      | Found a sparkling altar of Nemelex Xobeh.
  2050 | D:2      | Found a bloodstained altar of Trog.
  2304 | D:2      | Reached skill level 5 in Unarmed Combat
  2558 | D:2      | Found a snail-covered altar of Cheibriados.
  2573 | D:2      | Found a burning altar of Makhleb.
  2959 | D:3      | Reached XP level 5. HP: 39/41 MP: 5/5
  3421 | D:2      | Noticed Crazy Yiuf
  3424 | D:2      | Slain by Crazy Yiuf

Skill      XL: |  1  2  3  4 |
---------------+-------------+-----
Unarmed Combat | 4 5 |  5.3
Fighting       | |  3.0
Dodging        | |  2.4
Stealth        | |  1.5

Action                   |  1- 3 |  4- 6 || total
-------------------------+-------+-------++-------
Melee: Unarmed           |   128 |   136 ||   264
       Punch             |     1 |     2 ||     3
 Stab: Sleeping          |     3 |     4 ||     7
Armor: Skin              |    12 |    22 ||    34
Dodge: Dodged            |    86 |    81 ||   167

Table legend:
 A = Turns spent in this place as a percentage of turns spent in the entire game.
 B = Non-inter-level travel turns spent in this place as a percentage of non-inter-level travel turns spent in the entire game.
 C = Inter-level travel turns spent in this place as a percentage of turns spent in this place.
 D = Turns resting spent in this place as a percentage of non-inter-level travel turns spent in this place.
 E = Turns spent auto-exploring this place as a percentage of non-inter-level travel turns spent in this place.
 F = Non-inter-level travel turns spent in this place divided by the number of levels of this place that you've seen.
                   A       B       C       D       E      F
               +-------+-------+-------+-------+-------+----------------------
         Total | 100.0 | 100.0 |   0.2 |   3.3 |   5.0 | 403.0
       Dungeon | 100.0 | 100.0 |   0.2 |   3.3 |   5.0 | 403.0
               +-------+-------+-------+-------+-------+----------------------

Table legend:
 A = Kills in this place as a percentage of kills in entire the game.
 B = Kills by you in this place as a percentage of kills by you in the entire game.
 C = Kills by friends in this place as a percentage of kills by friends in the entire game.
 D = Other kills in this place as a percentage of other kills in the entire game.
 E = Experience gained in this place as a percentage of experience gained in the entire game.
 F = Experience gained in this place divided by the number of levels of this place that you have seen.
                   A       B       C       D       E      F
               +-------+-------+-------+-------+-------+----------------------
         Total | 100.0 | 100.0 |  -nan |  -nan | 100.0 |  72.0
       Dungeon | 100.0 | 100.0 |  -nan |  -nan | 100.0 |  72.0
               +-------+-------+-------+-------+-------+----------------------
